SA
GRAND FORKS CATERPILLARS @ WALLA WALLA WALLEYE
08/19/2027
 
TOP OF THE 1ST
Grand Forks Caterpillars batting - Pitching for Walla Walla Walleye : RHP Sjoerd Reynoud
Pitching: RHP Sjoerd Reynoud
Batting: SHB Leo Szilard 0-0: Ball
1-0: Ball
2-0: Ground out 6-3 (Groundball, 6)
Batting: RHB Craig Tricket 0-0: Called Strike
0-1: Ball
1-1: Foul Ball, location: 2F
1-2: Strikes out swinging
Batting: LHB Alberto Garza 0-0: Ball
1-0: Called Strike
1-1: Swinging Strike
1-2: Ball
2-2: Ball
3-2: Base on Balls
Batting: LHB Arana Sashi 0-0: Ball
1-0: Foul Ball, location: 2F
1-1: Called Strike
1-2: Strikes out swinging
Top of the 1st over - 0 run(s), 0 hit(s), 0 error(s), 1 left on base; Grand Forks 0 - Walla Walla 0
BOTTOM OF THE 1ST
Walla Walla Walleye batting - Pitching for Grand Forks Caterpillars : RHP Dahab Kanda
Pitching: RHP Dahab Kanda
Batting: LHB Arnau Zabajeta 0-0: Ball
1-0: Called Strike
1-1: Fly out, F8 (Flyball, 89M)
Batting: RHB Nelson Jaramillo 0-0: Called Strike
0-1: Fly out, F6 (Popup, 56)
Batting: RHB Taylor Landis 0-0: Ball
1-0: Ball
2-0: Reached on error, E5 (Groundball, 56)
Batting: RHB José Mercado 0-0: Called Strike
0-1: Fly out, F2 (Popup, 15S)
Bottom of the 1st over - 0 run(s), 0 hit(s), 1 error(s), 1 left on base; Grand Forks 0 - Walla Walla 0
TOP OF THE 2ND
Grand Forks Caterpillars batting - Pitching for Walla Walla Walleye : RHP Sjoerd Reynoud
Batting: LHB Michael Woodard 0-0: Swinging Strike
0-1: Ball
1-1: Ball
2-1: Ground out 1-3 (Groundball, 13S)
Batting: RHB Elvis Norfleet 0-0: Called Strike
0-1: Swinging Strike
0-2: Strikes out swinging
Batting: LHB Mike Goff 0-0: Called Strike
0-1: Ball
1-1: Foul Ball, location: 2F
1-2: SINGLE (Line Drive, 4M)
Batting: LHB Ieyoshi Samurakami 0-0: Ball
1-0: Ground out U3 (Groundball, 34S)
Top of the 2nd over - 0 run(s), 1 hit(s), 0 error(s), 1 left on base; Grand Forks 0 - Walla Walla 0
BOTTOM OF THE 2ND
Walla Walla Walleye batting - Pitching for Grand Forks Caterpillars : RHP Dahab Kanda
Batting: LHB Gareth Monahan 0-0: Called Strike
0-1: Ball
1-1: Fly out, F8 (Flyball, 8RM)
Batting: RHB Shuichi Saito 0-0: Called Strike
0-1: Ball
1-1: Ball
2-1: Fly out, F3 (Flyball, 34D)
Batting: RHB Rex Criscuolo 0-0: Ball
1-0: Ball
2-0: Called Strike
2-1: Foul Ball, location: 2F
2-2: Strikes out swinging
Bottom of the 2nd over - 0 run(s), 0 hit(s), 0 error(s), 0 left on base; Grand Forks 0 - Walla Walla 0
TOP OF THE 3RD
Grand Forks Caterpillars batting - Pitching for Walla Walla Walleye : RHP Sjoerd Reynoud
Batting: RHB Dolla Head 0-0: Called Strike
0-1: Foul Ball, location: 2F
0-2: Ball
1-2: SINGLE (Groundball, 56D)
Batting: SHB Leo Szilard 0-0: Foul Ball, location: 2F
0-1: Ball
1-1: Ball
2-1: Swinging Strike
2-2: Fielders Choice at 2nd, 4-6 (Groundball, 34)
Batting: RHB Craig Tricket 0-0: Called Strike
0-1: SINGLE (Groundball, 56D)
Leo Szilard to second
Batting: LHB Alberto Garza 0-0: Ball
1-0: Called Strike
Leo Szilard is caught stealing 3rd base
Craig Tricket to second
1-1: DOUBLE (Line Drive, 78M)
Craig Tricket scores
Batting: LHB Arana Sashi 0-0: Called Strike
0-1: Fly out, F7 (Flyball, 78M)
Top of the 3rd over - 1 run(s), 3 hit(s), 0 error(s), 1 left on base; Grand Forks 1 - Walla Walla 0
BOTTOM OF THE 3RD
Walla Walla Walleye batting - Pitching for Grand Forks Caterpillars : RHP Dahab Kanda
Batting: RHB Icarus Giannopolous 0-0: Foul Ball, location: 2F
0-1: Called Strike
0-2: Ball
1-2: Ball
2-2: Ball
3-2: Ground out 5-3 (Groundball, 56S)
Batting: LHB Javier Reyes 0-0: Foul Ball, location: 2F
0-1: Called Strike
0-2: Foul Ball, location: 2F
0-2: Ball
1-2: Ball
2-2: Ball
3-2: Strikes out swinging
Batting: LHB Arnau Zabajeta 0-0: Fly out, F9 (Flyball, 9S)
Bottom of the 3rd over - 0 run(s), 0 hit(s), 0 error(s), 0 left on base; Grand Forks 1 - Walla Walla 0
TOP OF THE 4TH
Grand Forks Caterpillars batting - Pitching for Walla Walla Walleye : RHP Sjoerd Reynoud
Batting: LHB Michael Woodard 0-0: Foul Ball, location: 2F
0-1: Swinging Strike
0-2: Ball
1-2: Foul Ball, location: 2F
1-2: Ball
2-2: Foul Ball, location: 2F
2-2: Ball
3-2: Foul Ball, location: 2F
3-2: Foul Ball, location: 2F
3-2: Ground out U3 (Groundball, 34S)
Batting: RHB Elvis Norfleet 0-0: Called Strike
0-1: Called Strike
0-2: Foul Ball, location: 2F
0-2: Ball
1-2: Strikes out swinging
Batting: LHB Mike Goff 0-0: Ball
1-0: Ball
2-0: Called Strike
2-1: Fly out, F3 (Popup, 3L)
Top of the 4th over - 0 run(s), 0 hit(s), 0 error(s), 0 left on base; Grand Forks 1 - Walla Walla 0
BOTTOM OF THE 4TH
Walla Walla Walleye batting - Pitching for Grand Forks Caterpillars : RHP Dahab Kanda
Batting: RHB Nelson Jaramillo 0-0: Called Strike
0-1: Ball
1-1: Ball
2-1: Called Strike
2-2: Fly out, F6 (Popup, 6D)
Batting: RHB Taylor Landis 0-0: Ball
1-0: Ball
2-0: Swinging Strike
2-1: DOUBLE (Line Drive, 8LM)
Batting: RHB José Mercado 0-0: Swinging Strike
0-1: Ball
1-1: Ball
2-1: Swinging Strike
2-2: Foul Ball, location: 2F
2-2: Ball
3-2: Foul Ball, location: 2F
3-2: Strikes out swinging
Batting: LHB Gareth Monahan 0-0: Called Strike
0-1: Foul Ball, location: 2F
0-2: Fly out, F7 (Flyball, 7)
Bottom of the 4th over - 0 run(s), 1 hit(s), 0 error(s), 1 left on base; Grand Forks 1 - Walla Walla 0
TOP OF THE 5TH
Grand Forks Caterpillars batting - Pitching for Walla Walla Walleye : RHP Sjoerd Reynoud
Batting: LHB Ieyoshi Samurakami 0-0: Called Strike
0-1: Ball
1-1: Called Strike
1-2: Fly out, F7 (Line Drive, 7)
Batting: RHB Dolla Head 0-0: Ball
1-0: Ball
2-0: Ball
3-0: Swinging Strike
3-1: Base on Balls
Batting: SHB Leo Szilard 0-0: Called Strike
0-1: Fielders Choice at 2nd, 4-6 (Groundball, 34)
Batting: RHB Craig Tricket 0-0: Ball
1-0: Swinging Strike
1-1: Ball
2-1: Swinging Strike
2-2: Foul Ball, location: 2F
2-2: Strikes out swinging
Top of the 5th over - 0 run(s), 0 hit(s), 0 error(s), 1 left on base; Grand Forks 1 - Walla Walla 0
BOTTOM OF THE 5TH
Walla Walla Walleye batting - Pitching for Grand Forks Caterpillars : RHP Dahab Kanda
Batting: RHB Shuichi Saito 0-0: Called Strike
0-1: Fly out, F7 (Flyball, 7)
Batting: RHB Rex Criscuolo 0-0: Called Strike
0-1: Ball
1-1: Ball
2-1: Fly out, F8 (Line Drive, 8RM)
Batting: RHB Icarus Giannopolous 0-0: Ground out 5-3 (Groundball, 56)
Bottom of the 5th over - 0 run(s), 0 hit(s), 0 error(s), 0 left on base; Grand Forks 1 - Walla Walla 0
TOP OF THE 6TH
Grand Forks Caterpillars batting - Pitching for Walla Walla Walleye : RHP Sjoerd Reynoud
Batting: LHB Alberto Garza 0-0: Called Strike
0-1: Ball
1-1: Called Strike
1-2: Strikes out looking
Batting: LHB Arana Sashi 0-0: Ball
1-0: Ball
2-0: Ball
3-0: Base on Balls
Batting: LHB Michael Woodard 0-0: Ball
1-0: Ball
2-0: Foul Ball, location: 2F
2-1: SINGLE (Line Drive, 89S)
Arana Sashi to second
Batting: RHB Elvis Norfleet 0-0: Ball
1-0: Ball
2-0: Called Strike
2-1: Foul Ball, location: 2F
2-2: Strikes out swinging
Batting: LHB Mike Goff 0-0: Fly out, F7 (Line Drive, 7)
Top of the 6th over - 0 run(s), 1 hit(s), 0 error(s), 2 left on base; Grand Forks 1 - Walla Walla 0
BOTTOM OF THE 6TH
Walla Walla Walleye batting - Pitching for Grand Forks Caterpillars : RHP Dahab Kanda
Batting: LHB Javier Reyes 0-0: Fly out, F9 (Line Drive, 9)
Batting: LHB Arnau Zabajeta 0-0: SINGLE (Flyball, 8LS)
Batting: RHB Nelson Jaramillo 0-0: Called Strike
0-1: Fly out, F6 (Line Drive, 6)
Batting: RHB Taylor Landis 0-0: Ball
1-0: Fly out, F8 (Flyball, 89M)
Bottom of the 6th over - 0 run(s), 1 hit(s), 0 error(s), 1 left on base; Grand Forks 1 - Walla Walla 0
TOP OF THE 7TH
Grand Forks Caterpillars batting - Pitching for Walla Walla Walleye : RHP Sjoerd Reynoud
Pitching: LHP Homer Robertson
Batting: LHB Ieyoshi Samurakami 0-0: SINGLE (Line Drive, 6MD)
Pinch Hitting: RHB Pascal Lercari 0-0: Grounds into double play, 4-6-3 (Groundball, 34)
Batting: SHB Leo Szilard 0-0: Ball
1-0: TRIPLE (Line Drive, 8RD)
Pinch Hitting: SHB Neil Byrd 0-0: Fly out, F7 (Flyball, 7D)
Top of the 7th over - 0 run(s), 2 hit(s), 0 error(s), 1 left on base; Grand Forks 1 - Walla Walla 0
BOTTOM OF THE 7TH
Walla Walla Walleye batting - Pitching for Grand Forks Caterpillars : RHP Dahab Kanda
Now at 2B: Jim Unknown
Now at SS: Neil Byrd
Batting: RHB José Mercado 0-0: Swinging Strike
0-1: SINGLE (Flyball, 9S)
Batting: LHB Gareth Monahan 0-0: Ball
1-0: Foul Ball, location: 2F
1-1: Swinging Strike
1-2: 2-RUN HOME RUN (Flyball, 89XD), Distance : 462 ft
Batting: RHB Shuichi Saito 0-0: Called Strike
0-1: Ball
1-1: Foul Ball, location: 2F
1-2: Ground out 6-3 (Groundball, 6)
Batting: RHB Rex Criscuolo 0-0: Fly out, F9 (Flyball, 9S)
Batting: RHB Icarus Giannopolous 0-0: Ball
1-0: Ball
2-0: Called Strike
2-1: Swinging Strike
2-2: Strikes out looking
Bottom of the 7th over - 2 run(s), 2 hit(s), 0 error(s), 0 left on base; Grand Forks 1 - Walla Walla 2
TOP OF THE 8TH
Grand Forks Caterpillars batting - Pitching for Walla Walla Walleye : LHP Homer Robertson
Now at C: Joaquín Villarreal
Batting: LHB Alberto Garza 0-0: Foul Ball, location: 2F
0-1: Called Strike
0-2: Ball
1-2: Strikes out swinging
Batting: LHB Arana Sashi 0-0: Ball
1-0: Called Strike
1-1: Ground out U3 (Groundball, 3S)
Batting: LHB Michael Woodard 0-0: Called Strike
0-1: Foul Ball, location: 2F
0-2: Foul Ball, location: 2F
0-2: Ball
1-2: Strikes out looking
Top of the 8th over - 0 run(s), 0 hit(s), 0 error(s), 0 left on base; Grand Forks 1 - Walla Walla 2
BOTTOM OF THE 8TH
Walla Walla Walleye batting - Pitching for Grand Forks Caterpillars : RHP Dahab Kanda
Pitching: LHP Gilberto Blanca
Batting: LHB Javier Reyes 0-0: Ball
1-0: Fly out, F7 (Line Drive, 7)
Batting: LHB Arnau Zabajeta 0-0: Ground out 4-3 (Groundball, 4)
Batting: RHB Nelson Jaramillo 0-0: Called Strike
0-1: Foul Ball, location: 2F
0-2: Strikes out looking
Bottom of the 8th over - 0 run(s), 0 hit(s), 0 error(s), 0 left on base; Grand Forks 1 - Walla Walla 2
TOP OF THE 9TH
Grand Forks Caterpillars batting - Pitching for Walla Walla Walleye : LHP Homer Robertson
Pitching: RHP Martyn Drdio
Now at SS: Chavo Guerrero, Jr.
Batting: RHB Elvis Norfleet 0-0: Swinging Strike
0-1: Ball
1-1: Ball
2-1: Ball
3-1: Foul Ball, location: 2F
3-2: Strikes out looking
Batting: LHB Mike Goff 0-0: Ball
1-0: Ball
2-0: Ball
3-0: Base on Balls
Pinch Hitting: SHB Jim Unknown 0-0: Ball
1-0: Foul Ball, location: 2F
1-1: Foul Ball, location: 2F
1-2: Strikes out swinging
Batting: RHB Jim Unknown 0-0: Ground out 1-3 (Groundball, P)
Top of the 9th over - 0 run(s), 0 hit(s), 0 error(s), 1 left on base; Grand Forks 1 - Walla Walla 2
Saturday, May 26th, 2018 - OOTP Baseball 17.12 Build 75